 Dungeon Crawl Stone Soup version 0.21-a0-39-g28ea6b7 (webtiles) character file.

784 KristoblXynda the Shield-Bearer (level 8, -3/58 HPs)
             Began as a Formicid Fighter on May 30, 2017.
             Killed from afar by a wretched star (24 damage)
             ... with an orb of energy
             ... on level 1 of the Abyss.
             The game lasted 00:10:43 (4976 turns).

KristoblXynda the Shield-Bearer (Formicid Fighter)  Turns: 4976, Time: 00:10:44

Health: -3/58      AC:  9    Str: 26    XL:     8   Next: 11%
Magic:  17/17      EV:  9    Int: 10    God:
Gold:   241        SH: 11    Dex: 10    Spells: 7/7 levels left

rFire    . . .     SeeInvis +   a - +0 long sword
rCold    . . .     Gourm    .   c - +0 shield
rNeg     . . .     Faith    .   b - +0 scale mail
rPois    .         Spirit   .   (helmet unavailable)
rElec    .         Reflect  .   (no cloak)
rCorr    .         Harm     .   p - +1 pair of gloves
MR       .....                  t - +1 pair of boots (curse)
Stlth    ..........             (no amulet)
Regen    0.2/turn               u - ring of magical power
MPRegen  0.2/turn               (no ring)

@: mighty
A: permanent stasis, dig shafts and tunnels, four strong arms, antennae 3,
[blurry vision 2], [deformed body], [subdued magic 2]
a: Dig, Shaft Self


You were on level 1 of the Abyss.
You were not hungry.

You visited 1 branch of the dungeon, and saw 4 of its levels.
You visited the Abyss 1 time.

You collected 241 gold pieces.

Inventory:

Hand Weapons
 a - a +0 long sword (weapon)
 k - a cursed -1 dagger
Armour
 b - a +0 scale mail (worn)
 c - a +0 shield (worn)
 p - a +1 pair of gloves (worn)
 t - a cursed +1 pair of boots (worn)
Jewellery
 j - an uncursed ring of resist corrosion {unknown}
 u - a ring of magical power (left hand)
Scrolls
 e - 3 scrolls of fear
 g - a scroll of amnesia
 n - 2 scrolls of remove curse
 o - a scroll of identify
Potions
 d - a potion of might
 i - a potion of cancellation
 m - a potion of lignification
 s - a potion of flight
 v - a potion of agility
 x - a potion of mutation
Comestibles
 f - 10 bread rations
 h - a meat ration
 q - a fruit


   Skills:
 - Level 3.2 Fighting
 + Level 5.7 Long Blades
 + Level 6.0 Armour
 + Level 6.5 Shields


You had 7 spell levels left.
You didn't know any spells.

Dungeon Overview and Level Annotations

Branches:
Dungeon (4/15)
 Temple: D:4-7

Altars:
Qazlal
Trog


Innate Abilities, Weirdness & Mutations

You cannot be hasted, slowed, berserked, paralysed or teleported.
You can dig through walls and to a lower floor.
Your four strong arms can wield two-handed weapons with a shield.
You have a pair of large antennae on your head. (SInv)
[Scrolls take you longer to read.]
[Armour fits poorly on your strangely shaped body.]
[Your spells are easier to cast, but less powerful.]


Message History

You closely miss the wretched star.
The wretched star is moderately damaged.
Unknown command.
The wretched star glows turbulently.
The orb of energy hits you!
You slash the wretched star!
The wretched star is moderately damaged.
The wretched star glows turbulently.
The orb of energy hits you!
* * * LOW HITPOINT WARNING * * *
The orb of energy explodes!
Unknown command.
You feel better.
The jelly jiggles.
You feel better.
You slash the wretched star!
The wretched star is heavily damaged.
The wretched star glows turbulently.
The orb of energy hits you!
You die...

J. .## ..# .
## ..#.# ..
. #.##.#..
.. ##.# . #
.#
#.####.##..#
#.#.. # ..#
#...##....
#.#.#.### #
#...##@# .
.# ..#
..#.*##..#
## ..
#..#.J.....#
.. ...#
.#.####.#..
...
....#....
...#.
#...##.. ##
. ...
####... ...
.# ... .#. #
#.. # .. .
..#...#. .
.#. #


You could see a wretched star and a jelly.

Vanquished Creatures
  3 ogres
  2 hounds (D:4)
  3 orc wizards
  Natasha (thrice) (D:3)
  2 worker ants
  A hound skeleton (D:3)
  Robin (D:2)
  A gnoll (D:4)
  9 adders
  3 oozes
  An adder skeleton (D:4)
  3 worms
  A dart slug (D:3)
  3 leopard geckos
  11 orcs
  3 bats
  6 giant cockroaches
  8 hobgoblins
  18 jackals
  6 kobolds
  A quokka (D:2)
  A ball python (D:2)
  6 frilled lizards
  19 goblins
  A leopard gecko skeleton (D:4)
  10 rats
126 creatures vanquished.

Vanquished Creatures (others)
  A plant (D:3)
1 creature vanquished.

Grand Total: 127 creatures vanquished

Notes
Turn   | Place    | Note
-------+----------+-------------------------------------------
     0 | D:1      | KristoblXynda the Formicid Fighter began the quest for the Orb.
     0 | D:1      | Reached XP level 1. HP: 18/18 MP: 1/1
   296 | D:1      | Reached XP level 2. HP: 24/24 MP: 2/2
   919 | D:2      | Reached XP level 3. HP: 29/29 MP: 3/3
   967 | D:2      | Found a stormy altar of Qazlal.
  1075 | D:2      | Reached XP level 4. HP: 24/35 MP: 4/4
  1635 | D:2      | Noticed Robin
  1663 | D:2      | Killed Robin
  1663 | D:2      | Reached XP level 5. HP: 36/41 MP: 5/5
  1807 | D:2      | Found a stormy altar of Qazlal.
  2186 | D:3      | Noticed Natasha
  2228 | D:3      | HP: 1/41 [shadow imp[Natasha] (3)]
  2244 | D:3      | HP: 2/41 [giant cockroach (2)]
  2680 | D:3      | Killed Natasha
  2960 | D:3      | Reached XP level 6. HP: 46/47 MP: 6/6
  2980 | D:3      | Reached skill level 5 in Shields
  3068 | D:3      | Noticed an ogre
  3074 | D:3      | Killed an ogre
  3128 | D:3      | Reached skill level 5 in Armour
  3172 | D:3      | Reached XP level 7. HP: 45/52 MP: 7/7
  3272 | D:3      | Noticed a moth of wrath
  3277 | D:3      | Found a bloodstained altar of Trog.
  3277 | D:3      | Noticed Natasha
  3297 | D:3      | Killed Natasha
  3805 | D:3      | Noticed Natasha
  3831 | D:3      | Killed Natasha
  3859 | D:3      | Reached skill level 5 in Long Blades
  4717 | D:4      | Reached XP level 8. HP: 57/58 MP: 8/8
  4925 | D:4      | Cast into level 1 of the Abyss (orc)
  4941 | Abyss:1  | Noticed a wretched star
  4976 | Abyss:1  | Killed from afar by a wretched star

Vault maps used:
D:1:      erik_arrival_cave_to_civilisation
D:2:      nicolae_qazlal_general_emergency, minmay_hexomino_r4, uniq_robin
D:3:      corexii_shack_village, first_bread, tgw_trog, uniq_natasha
D:4:      minivault_11, cheibrodos_gnoll_hut

Skill      XL: |  1  2  3  4  5  6  7  8 |
---------------+-------------------------+-----
Shields        | 4 5 6 |  6.5
Long Blades    | 3 4 5 |  5.7
Armour         | 4 5 6 |  6.0
Fighting       | |  3.2

Action                   |  1- 3 |  4- 6 |  7- 9 || total
-------------------------+-------+-------+-------++-------
Melee: Long sword        |    74 |   234 |   188 ||   496
  Use: Potion            |       |     5 |     3 ||     8
       Scroll            |       |     7 |     9 ||    16
  Eat: Chunk             |     1 |     5 |     5 ||    11
       Royal jelly       |       |     1 |       ||     1
       Fruit             |       |       |     1 ||     1
Armor: Scale mail        |    35 |   103 |    58 ||   196
       Skin              |       |    24 |       ||    24
Dodge: Dodged            |    36 |    83 |    51 ||   170
Block: Shield            |    48 |   146 |    77 ||   271
       Rpst.: Long sword |     8 |    28 |    14 ||    50
